 Dungeon Crawl Stone Soup version 0.18.1-48-g4cf74bf (webtiles) character file.

154 atgrul the Digger (level 5, 0/28 HPs)
             Began as a Gargoyle Earth Elementalist on July 29, 2016.
             Killed from afar by Natasha (6 damage)
             ... with a magic dart
             ... on level 1 of the Dungeon.
             The game lasted 00:10:48 (2143 turns).

atgrul the Digger (Gargoyle Earth Elementalist)     Turns: 2143, Time: 00:10:49

Health: 0/28       AC:  6    Str: 13    XL:     5   Next: 36%
Magic:  7/8        EV: 12    Int: 15    God:
Gold:   100        SH:  0    Dex: 10    Spells: 1 memorised, 7 levels left

rFire  . . .     SeeInvis .     h - +2 dagger (venom)
rCold  . . .     Gourm    .     a - +0 robe
rNeg   + . .     Faith    .     (no shield)
rPois  ∞         Spirit   .     (no helmet)
rElec  +         Dismiss  .     (no cloak)
rCorr  .         Reflect  .     (no gloves)
SustAt .         Harm     .     (no boots)
MR     +....                    (no amulet)
Stlth  ++........               e - ring of protection from magic
                                g - ring of poison resistance

@: somewhat resistant to hostile enchantments, unstealthy
A: negative energy resistance 1, electricity resistance, unbreathing,
petrification resistance, rot immunity, AC +4
a: no special abilities


You were on level 1 of the Dungeon.
You were hungry.

You visited 1 branch of the dungeon, and saw 2 of its levels.

You collected 100 gold pieces.

Inventory:

Hand Weapons
 h - a +2 dagger of venom (weapon)
 j - a +0 dagger
Missiles
 b - 82 stones (quivered)
Armour
 a - a +0 robe (worn)
Jewellery
 e - a ring of protection from magic (right hand)
 g - a ring of poison resistance (left hand)
 l - an uncursed ring of protection from magic
 p - an uncursed ring of positive energy {unknown}
Scrolls
 f - 2 scrolls of enchant weapon
 k - 2 scrolls of identify
 o - 2 scrolls of noise {unknown}
 q - a scroll of remove curse
 s - a scroll of teleportation {unknown}
Potions
 d - a potion of magic {unknown}
 i - a potion of cure mutation {unknown}
 m - 2 potions of degeneration {unknown}
 n - a potion of resistance {unknown}
 u - a potion of might {unknown}
Books
 c - a book of Geomancy

   Spells                             Type                      Level
   a - Sandblast                      Earth                        1
   b - Passwall                       Transmutation/Earth          2
   c - Stone Arrow                    Conjuration/Earth            3
   d - Petrify                        Transmutation/Earth          4
   e - Lee's Rapid Deconstruction     Earth                        5
Comestibles
 r - a slice of pizza
 t - 2 royal jellies


   Skills:
 + Level 0.3 Short Blades
 - Level 1.5 Dodging
 - Level 2.1 Stealth
 - Level 2.0 Spellcasting
   Level 0.7 Transmutations
 + Level 7.0 Earth Magic


You had 7 spell levels left.
You knew the following spells:

 Your Spells              Type           Power        Failure   Level  Hunger
a - Sandblast             Erth           ###...       1%          1    #......


Dungeon Overview and Level Annotations

Branches:
Dungeon (2/15)

Altars:

Annotations:
D:1 Natasha


Innate Abilities, Weirdness & Mutations

You are resistant to torment.
Your stone body is resilient (AC +4).
You are immune to poison.
You resist negative energy.
You are resistant to electric shocks.
You can survive without breathing.
You are immune to petrification.
You are immune to rotting.


Message History

You start resting.
Natasha, Servant of Life and Death comes into view.
Natasha casts a spell at you. The magic dart hits you!
* * * LOW HITPOINT WARNING * * *
Unknown command.
Unknown command.
A bat comes into view.
Natasha wildly gestures.
You feel troubled. The bat closely misses you.
The bat hits you but does no damage. The bat hits you but does no damage.
The bat closely misses you. The bat misses you.
The bat hits you but does no damage. The bat hits you but does no damage.
The bat closely misses you.
Natasha stares at you and mumbles some strange words.
The magic dart hits you!
You die...

.....##...#..########............
..##'##...#.h......######........
..#...#..........#...............
(.'.<.+.....####.................
.##...##..### ###...............
.#######..#### #...............
.# #........#####...............
.# #..#.#.#.#.#b#.#.#.#.........
.####......h....@..(>............
.).....#.#.#.#.#.#.#(#.#.....>...
.######.........................#
.# ##.#.#.#.#.#.#.#.#.#.....## .#
#..................####### .#
##.#.#.#.#.#.#.#.#.# .#
#..................# .#
##.#.#.#.#.#.#.#.#.# .#
#..................#


You could see Natasha and a bat.

Vanquished Creatures
  Crazy Yiuf (D:2)
  Ijyb (D:2)
  Natasha (D:1)
  An adder (D:2)
  2 oozes
  2 worms (D:2)
  2 dart slugs
  6 bats
  3 giant cockroaches
  13 goblins
  3 hobgoblins (D:2)
  2 jackals (D:1)
  4 kobolds
  A giant newt (D:2)
  4 rats
46 creatures vanquished.

Notes
Turn   | Place    | Note
--------------------------------------------------------------
     0 | D:1      | atgrul the Gargoyle Earth Elementalist began the quest for the Orb.
     0 | D:1      | Reached XP level 1. HP: 10/10 MP: 3/3
   331 | D:1      | Reached skill level 4 in Earth Magic
   419 | D:1      | Reached XP level 2. HP: 15/15 MP: 3/5
   731 | D:1      | Reached XP level 3. HP: 19/19 MP: 4/6
   822 | D:1      | Reached skill level 5 in Earth Magic
  1203 | D:2      | Noticed Ijyb
  1498 | D:2      | Killed Ijyb
  1498 | D:2      | Reached XP level 4. HP: 15/24 MP: 2/7
  1525 | D:2      | Reached skill level 6 in Earth Magic
  1831 | D:2      | Noticed Crazy Yiuf
  1861 | D:2      | Killed Crazy Yiuf
  1861 | D:2      | Reached XP level 5. HP: 21/28 MP: 4/8
  2073 | D:2      | Noticed Natasha
  2119 | D:1      | Killed Natasha
  2119 | D:1      | Reached skill level 7 in Earth Magic
  2123 | D:1      | Noticed Natasha
  2143 | D:1      | Killed from afar by Natasha

Skill      XL: |  1  2  3  4  5 |
---------------+----------------+-----
Earth Magic    | 4 5 6 7 |  7.0
Short Blades   | |  0.3
Dodging        | |  1.5
Stealth        | |  2.1
Spellcasting   | |  2.0
Transmutations | |  0.7

Action                   |  1- 3 |  4- 6 || total
-------------------------+-------+-------++-------
Melee: Unarmed           |     2 |       ||     2
       Dagger            |    22 |    10 ||    32
 Cast: Sandblast         |    63 |    32 ||    95
  Use: Scroll            |     3 |       ||     3
 Stab: Sleeping          |     1 |       ||     1
  Eat: Bread ration      |     1 |       ||     1
       Chunk             |     1 |       ||     1
Armor: Robe              |    13 |     9 ||    22
Dodge: Dodged            |    41 |    20 ||    61
